[Event "Titled Tuesday Blitz December 20 Late 2022"]
[White "Dimitrov, Atanas"]
[Black "Ibadov, Dashgyn"]
[WhiteFideId "2901315"]
[BlackFideId "24107514"]
[WhiteElo "2626"]
[BlackElo "2208"]
[Result "0-1"]
[Round "04"]
[TimeControl "180+1"]
[Date "2022.12.21"]
[WhiteClock "0:00:07"]
[BlackClock "0:00:24"]

1. Nf3 d5 2. e3 Nf6 3. c4 e6 4. Nc3 Be7 5. b3 O-O 6. Bb2 b6 7. Be2 Bb7 8. O-O c5 9. cxd5 Nxd5 10. d4 Nd7 11. Rc1 Rc8 12. Nd2 Nxc3 13. Bxc3 cxd4 14. Bxd4 Bf6 15. Nc4 Nc5 16. Bxc5 Rxc5 17. Qxd8 Rxd8 18. Rfd1 Rxd1+ 19. Rxd1 Rd5 20. Rc1 Rd7 21. f3 Kf8 22. Kf2 Ke7 23. a4 h5 24. Rc2 h4 25. Na3 g5 26. Nb5 a6 27. Nc7 a5 28. Bb5 Rd1 29. Ne8 Be5 30. g3 Bd5 31. gxh4 Bxb3 32. Rc8 gxh4 33. f4 Bd6 34. Nxd6 Kxd6 35. Kf3 f5 36. Rh8 Ra1 37. Rd8+ Ke7 38. Rd7+ Kf6 39. Rd4 Bd5+ 40. Ke2 Rh1 41. Kf2 Rxh2+ 42. Kg1 Rg2+ 43. Kf1 h3 44. e4 Bxe4 0-1


[Site "https://www.chess.com"]

[Event "Titled Tuesday Blitz December 20 Late 2022"]
[White "Dudzinski, Pawel"]
[Black "Rose, Felix"]
[WhiteFideId "1117890"]
[BlackFideId "5105722"]
[WhiteElo "2099"]
[BlackElo "2039"]
[Result "1/2-1/2"]
[Round "04"]
[TimeControl "180+1"]
[Date "2022.12.21"]
[WhiteClock "0:00:05"]
[BlackClock "0:00:17"]

1. e4 e5 2. Nc3 Nf6 3. g3 d5 4. exd5 Nxd5 5. Bg2 Nxc3 6. bxc3 Bc5 7. Nf3 Nc6 8. O-O O-O 9. Re1 Re8 10. d3 h6 11. Rb1 Bb6 12. Be3 Bg4 13. h3 Bh5 14. g4 Bg6 15. c4 e4 16. dxe4 Qxd1 17. Rbxd1 Bxe4 18. Bxb6 axb6 19. Rd7 Bxf3 20. Rxe8+ Rxe8 21. Bxf3 Ne5 22. Rxc7 Nxf3+ 23. Kg2 Ne1+ 24. Kf1 Nxc2 25. Rxb7 Re1+ 26. Kg2 Na3 27. Rb8+ Kh7 28. Rxb6 Nxc4 29. Rb7 f6 30. h4 Re2 31. a4 Ra2 32. Ra7 Nb6 33. a5 Nc4 34. a6 Nb6 35. Kg3 Nd5 36. Rd7 Ra3+ 37. f3 Nb6 38. Ra7 Nd5 39. g5 fxg5 40. hxg5 hxg5 41. Kg4 Kg6 42. Rd7 Ra4+ 43. Kg3 Nf6 44. Ra7 Ra3 45. Kg2 Nh5 46. Ra8 Nf4+ 47. Kf2 Nd5 48. Kg3 Nc7 49. Rc8 Nxa6 50. Rc6+ Kf5 51. Rb6 Ra5 52. Rb7 Kg6 53. Rb6+ Kh5 54. Rb7 Nc5 55. Rxg7 Ra3 56. Rh7+ Kg6 57. Rc7 Ne4+ 58. Kg2 Nd2 59. Rc6+ Kh5 60. Rf6 Nc4 61. Kg3 Rd3 62. Rf8 Nd6 63. Rh8+ Kg6 64. Rg8+ Kf6 65. Rf8+ Kg7 66. Ra8 Kg6 67. Rg8+ Kf6 68. Rf8+ Nf7 69. Ra8 Ne5 70. Ra6+ Kf5 71. Ra5 Rxf3+ 72. Kg2 Rb3 73. Ra2 Ng4 74. Ra5+ Ne5 75. Ra4 g4 76. Ra8 Rb2+ 77. Kg3 Rb3+ 78. Kg2 Nf3 79. Rf8+ Kg5 80. Rg8+ Kf5 81. Rf8+ Ke4 82. Re8+ Ne5 83. Rf8 Rf3 84. Rg8 Ke3 85. Rg5 Kf4 86. Rg8 Rg3+ 87. Kh1 Rh3+ 88. Kg2 Nf3 89. Rf8+ Kg5 90. Rg8+ Kf5 91. Rf8+ Ke5 92. Rg8 Kf5 93. Rf8+ Kg5 94. Rg8+ Kf6 95. Rxg4 Ne5 96. Kxh3 Nxg4 1/2-1/2


[Site "https://www.chess.com"]

[Event "Titled Tuesday Blitz December 20 Late 2022"]
[White "Dzierzak, Radoslaw"]
[Black "Torres Dominguez, David"]
[WhiteFideId "1161407"]
[BlackFideId "2220857"]
[WhiteElo "2111"]
[BlackElo "2037"]
[Result "1-0"]
[Round "04"]
[TimeControl "180+1"]
[Date "2022.12.21"]
[WhiteClock "0:00:36"]
[BlackClock "0:00:03"]

1. e4 Nc6 2. Nf3 e5 3. Bc4 Bc5 4. O-O Nf6 5. d3 d6 6. c3 a6 7. Bb3 Ba7 8. Re1 h6 9. Nbd2 g5 10. Nf1 g4 11. N3d2 h5 12. Nc4 h4 13. Be3 Nh5 14. Bxa7 Rxa7 15. Nce3 Qg5 16. Nf5 Bxf5 17. exf5 f6 18. d4 Ra8 19. dxe5 fxe5 20. Ne3 Nf6 21. Nd5 Nxd5 22. Qxd5 Qxf5 23. Ba4 Rc8 24. Re4 h3 25. Rae1 Kf8 26. Qd1 hxg2 27. Rxg4 Qh5 28. Qf3+ Ke8 29. Bxc6+ bxc6 30. Qxc6+ 1-0


[Site "https://www.chess.com"]

[Event "Titled Tuesday Blitz December 20 Late 2022"]
[White "Eljanov, Pavel"]
[Black "Sielecki, Christof"]
[WhiteFideId "14102951"]
[BlackFideId "4620437"]
[WhiteElo "2598"]
[BlackElo "2443"]
[Result "1-0"]
[Round "04"]
[TimeControl "180+1"]
[Date "2022.12.20"]
[WhiteClock "0:00:11"]
[BlackClock "0:00:10"]

1. e4 c5 2. Nf3 a6 3. c3 d5 4. exd5 Qxd5 5. d4 e6 6. Be3 Nd7 7. c4 Qc6 8. Nc3 Ngf6 9. d5 exd5 10. cxd5 Qc7 11. a4 b6 12. h3 Bd6 13. Bc4 O-O 14. O-O Bb7 15. Qc2 Rfe8 16. Rad1 Ne5 17. Nxe5 Rxe5 18. Bf4 Ree8 19. Bxd6 Qxd6 20. Rfe1 g6 21. Qd2 Kg7 22. b3 Rxe1+ 23. Rxe1 Re8 24. Rxe8 Nxe8 25. Qe2 Nf6 26. Bxa6 Nxd5 27. Qd2 Bxa6 28. Nxd5 Bb7 29. Qc3+ f6 30. Ne3 Qd4 31. Qxd4 cxd4 32. Nc4 Bd5 33. Nxb6 Bxb3 34. Kf1 Bc2 35. Ke2 Be4 36. f3 Bb7 37. Kd3 Kh6 38. Kxd4 Kg5 39. Nd5 f5 40. g3 Ba6 41. h4+ Kh6 42. a5 g5 43. hxg5+ Kxg5 44. Nb4 Bb7 45. Ke3 h5 46. a6 Ba8 47. a7 f4+ 48. gxf4+ Kf5 49. Na6 h4 50. Nc7 Bb7 51. Kf2 Kxf4 52. Ne6+ Ke5 53. Nc5 Ba8 54. Nd3+ Kd4 55. f4 Kd5 56. Kg1 Ke4 57. Kh2 Kd5 58. Kh3 Kc6 59. f5 Kb6 60. f6 Bd5 61. f7 Bxf7 62. a8=Q 1-0


[Site "https://www.chess.com"]

[Event "Titled Tuesday Blitz December 20 Late 2022"]
[White "Fernandez De La Vara, Arnaldo"]
[Black "Jimenez Almeida, Luis David"]
[WhiteFideId "3518388"]
[BlackFideId "22242244"]
[WhiteElo "2387"]
[BlackElo "2158"]
[Result "1-0"]
[Round "04"]
[TimeControl "180+1"]
[Date "2022.12.21"]
[WhiteClock "0:00:10"]
[BlackClock "0:00:36"]

1. Nf3 g6 2. g3 Bg7 3. Bg2 f5 4. c4 e5 5. Nc3 Nc6 6. O-O Nf6 7. d3 h6 8. a3 a5 9. Rb1 O-O 10. b4 axb4 11. axb4 d6 12. b5 Ne7 13. c5 Kh8 14. b6 e4 15. dxe4 fxe4 16. bxc7 Qxc7 17. cxd6 Qxc3 18. dxe7 Re8 19. Bb2 Qc7 20. Ne5 Kh7 21. Qb3 Qxe7 22. Rfc1 Be6 23. Qb5 Bd5 24. Nxg6 Bc6 25. Qf5 Qc7 26. Ne5+ Kg8 27. Nxc6 bxc6 28. Bxf6 Qf7 29. Rxc6 e3 30. Bd5 1-0


[Site "https://www.chess.com"]

[Event "Titled Tuesday Blitz December 20 Late 2022"]
[White "Ferreira, Vitor Hugo Vieira"]
[Black "Dong, Bao Nghia"]
[WhiteFideId "2119765"]
[BlackFideId "12400343"]
[WhiteElo "2146"]
[BlackElo "2305"]
[Result "1-0"]
[Round "04"]
[TimeControl "180+1"]
[Date "2022.12.21"]
[WhiteClock "0:00:42"]
[BlackClock "0:01:57"]

1. e4 e6 2. d4 d5 3. e5 c5 4. c3 Nc6 5. Nf3 Qb6 6. Bd3 cxd4 7. O-O Nh6 8. cxd4 Bd7 9. Nc3 Nxd4 10. Nxd4 Qxd4 11. Nb5 Qxe5 12. f4 Qb8 13. f5 a6 14. Bf4 e5 15. Bxe5 Qxe5 16. Re1 Bc5+ 17. Kh1 Qxe1+ 18. Qxe1+ Kf8 19. Qc3 Rc8 20. f6 g6 21. Rc1 Ng4 22. Rc2 Nf2+ 23. Rxf2 Bxf2 24. Qa3+ Bc5 25. b4 Bd4 26. Nxd4 Kg8 27. h3 h5 28. b5 axb5 29. Qe7 Be8 30. Ne6 Kh7 31. Ng5+ Kh6 32. Nxf7+ Bxf7 33. Qxf7 Rhg8 34. Qxd5 Rgd8 35. Qe4 Rg8 36. f7 Rg7 37. Qf4+ 1-0


[Site "https://www.chess.com"]

[Event "Titled Tuesday Blitz December 20 Late 2022"]
[White "Fiorito, Joaquin"]
[Black "Tatarinov, Dmitry"]
[WhiteFideId "180173"]
[BlackFideId "24160067"]
[WhiteElo "2157"]
[BlackElo "2326"]
[Result "0-1"]
[Round "04"]
[TimeControl "180+1"]
[Date "2022.12.21"]
[WhiteClock "0:01:47"]
[BlackClock "0:02:03"]

1. d4 Nf6 2. Nc3 d5 3. Bf4 a6 4. e3 b5 5. Nf3 Bb7 6. Bd3 e6 7. a3 c5 8. dxc5 Bxc5 9. O-O Nc6 10. e4 d4 11. Ne2 h6 12. Bd2 e5 13. Ng3 g6 14. Ne1 Qe7 15. b4 Bb6 16. f4 exf4 17. Bxf4 Ne5 18. Nf3 Nfg4 19. Nxe5 Nxe5 20. Qe2 h5 21. Qf2 Ng4 22. Qe2 Ne3 23. Bxe3 dxe3 24. Rf3 O-O 25. Nf1 Bxe4 26. Bxe4 Qxe4 27. Nxe3 Rae8 28. Re1 Re7 29. Kf1 Rfe8 30. Kf2 Qh4+ 31. Kg1 Rxe3 0-1


[Site "https://www.chess.com"]

[Event "Titled Tuesday Blitz December 20 Late 2022"]
[White "Floresvillar Gonzalez, Luis Migu"]
[Black "Rosenberg, Evan S"]
[WhiteFideId "5100542"]
[BlackFideId "2019299"]
[WhiteElo "2040"]
[BlackElo "2403"]
[Result "0-1"]
[Round "04"]
[TimeControl "180+1"]
[Date "2022.12.21"]
[WhiteClock "0:00:01"]
[BlackClock "0:00:04"]

1. d4 d5 2. c3 Nf6 3. Nf3 Bf5 4. Qb3 Qc8 5. Bf4 e6 6. Nbd2 Be7 7. e3 O-O 8. Be2 c5 9. O-O Nc6 10. Ne5 Ne4 11. Nxe4 Bxe4 12. f3 Bg6 13. Nxg6 hxg6 14. Rad1 Rd8 15. Rfe1 cxd4 16. exd4 Bd6 17. Bxd6 Rxd6 18. f4 Ne7 19. Bd3 Nf5 20. Bxf5 gxf5 21. g3 Rb6 22. Qc2 Qc4 23. a3 g6 24. Qe2 Qxe2 25. Rxe2 Rb3 26. h4 Rc8 27. Rdd2 b5 28. Rc2 a5 29. Kf2 Rc4 30. Kg2 Kg7 31. Kf2 Kf6 32. Kg2 Kg7 33. Kf2 Kh6 34. Kg2 Kh5 35. Kh3 b4 36. cxb4 axb4 37. Rxc4 dxc4 38. axb4 Rxb4 39. Rc2 Kh6 40. g4 fxg4+ 41. Kxg4 Rb3 42. Rc3 Rxb2 43. Rxc4 Rb3 44. h5 gxh5+ 45. Kh4 Rf3 46. d5 exd5 47. Rd4 Kg6 48. f5+ Rxf5 49. Rd1 Rf4+ 50. Kg3 Rg4+ 51. Kh3 d4 52. Rf1 f5 53. Rd1 Kg5 54. Ra1 h4 55. Ra8 Rg3+ 56. Kh2 d3 57. Rg8+ Kf4 58. Rd8 Re3 59. Rd4+ Kg5 60. Rd8 Re2+ 61. Kh3 d2 62. Rxd2 Re3+ 63. Kh2 Kg4 64. Rg2+ Rg3 65. Ra2 f4 66. Ra8 f3 67. Rg8+ Kf4 68. Rf8+ Ke3 69. Re8+ Kf2 70. Ra8 Rg7 71. Ra2+ Ke1 72. Ra1+ Kd2 73. Ra2+ Kc1 74. Rf2 Rg3 75. Ra2 Kd1 76. Ra1+ Ke2 77. Ra2+ Kd3 78. Ra3+ Kc2 79. Ra2+ Kb3 80. Rf2 Kc3 81. Ra2 Kd3 82. Ra3+ Ke2 83. Ra2+ Ke3 84. Ra3+ Kf4 85. Ra4+ Kg5 86. Ra5+ Kh6 87. Rf5 Kg6 88. Rf8 Kg5 89. Rf7 Kg6 90. Rf8 Rg2+ 91. Kh1 Rg3 92. Rf4 h3 93. Rf8 Kg5 94. Rg8+ Kf4 95. Rf8+ Ke3 96. Ra8 f2 0-1


[Site "https://www.chess.com"]

[Event "Titled Tuesday Blitz December 20 Late 2022"]
[White "Flynn, Jacob"]
[Black "Acosta Cruz, Oscar Yosimar"]
[WhiteFideId "2509393"]
[BlackFideId "5111269"]
[WhiteElo "2053"]
[BlackElo "2147"]
[Result "1-0"]
[Round "04"]
[TimeControl "180+1"]
[Date "2022.12.21"]
[WhiteClock "0:00:18"]
[BlackClock "0:00:03"]

1. e4 c5 2. Nf3 d6 3. Bc4 e6 4. O-O Nf6 5. d3 a6 6. a3 Be7 7. Ba2 b6 8. Nc3 Bb7 9. Bg5 O-O 10. Re1 Nc6 11. Qd2 Qc7 12. h3 Rac8 13. Rad1 b5 14. Ne2 Rfd8 15. Ng3 Na5 16. h4 c4 17. d4 Nc6 18. c3 Nd7 19. Be3 Nf8 20. h5 Nb8 21. Bb1 Nbd7 22. h6 g6 23. Bg5 f6 24. Be3 e5 25. d5 Nc5 26. Nh2 Rb8 27. Qe2 Bc8 28. Qf3 a5 29. Ng4 Bxg4 30. Qxg4 b4 31. axb4 axb4 32. Nf5 bxc3 33. bxc3 Rb3 34. Bxc5 Qxc5 35. Nxe7+ Kh8 36. Nc6 Ra8 37. Qh4 Nd7 38. Rc1 Rb2 39. Rf1 Qb6 40. Bc2 Raa2 41. Bd1 Kg8 42. Bg4 g5 43. Be6+ Kf8 44. Qh5 Rxf2 45. Qf7# 1-0


[Site "https://www.chess.com"]

[Event "Titled Tuesday Blitz December 20 Late 2022"]
[White "Gasparyan, David"]
[Black "De Souza, Cristiano Gomes"]
[WhiteFideId "13311980"]
[BlackFideId "2151758"]
[WhiteElo "2451"]
[BlackElo "2068"]
[Result "1-0"]
[Round "04"]
[TimeControl "180+1"]
[Date "2022.12.21"]
[WhiteClock "0:01:05"]
[BlackClock "0:01:02"]

1. e3 Nf6 2. d4 g6 3. Bd3 Bg7 4. f4 d6 5. Nf3 Nbd7 6. O-O O-O 7. Nbd2 c5 8. c3 b6 9. Qe2 Bb7 10. e4 e5 11. fxe5 dxe5 12. d5 Ne8 13. Nc4 Qe7 14. Bg5 f6 15. Bh4 Nd6 16. Nxd6 Qxd6 17. Nd2 a6 18. Nc4 Qe7 19. a4 h6 20. Qg4 g5 21. Bg3 b5 22. Ne3 c4 23. Nf5 Qd8 24. Bc2 Kh7 25. h4 Nc5 26. hxg5 hxg5 27. Qh5+ Kg8 28. Qg6 Qd7 29. Kf2 Rfd8 30. Rh1 Nd3+ 31. Bxd3 cxd3 32. Rh7 1-0


[Site "https://www.chess.com"]

[Event "Titled Tuesday Blitz December 20 Late 2022"]
[White "Gatterer, Florian"]
[Black "Solon, Nathan"]
[WhiteFideId "811688"]
[BlackFideId "2017229"]
[WhiteElo "2218"]
[BlackElo "2646"]
[Result "0-1"]
[Round "04"]
[TimeControl "180+1"]
[Date "2022.12.21"]
[WhiteClock "0:00:07"]
[BlackClock "0:00:30"]

1. b3 e5 2. Bb2 Nc6 3. e3 d5 4. Bb5 Ne7 5. Nf3 e4 6. Nd4 Bd7 7. Nxc6 bxc6 8. Be2 Ng6 9. c3 Bd6 10. d4 Qg5 11. g3 Bh3 12. c4 h5 13. c5 Be7 14. Nc3 h4 15. g4 Bg2 16. Rg1 h3 17. Qd2 Nh4 18. O-O-O Qf6 19. Qe1 Nf3 20. Bxf3 Qxf3 21. Ne2 Bh4 22. Ng3 Qxg4 23. Qa5 Kd7 24. b4 Rhb8 25. a4 a6 26. Bc3 Qf3 27. Rd2 f5 28. Ne2 Bxf2 29. Nf4 Bxg1 30. Ne6 Rb7 31. b5 Kxe6 32. bxc6 Qf1+ 33. Kc2 Qb1# 0-1


[Site "https://www.chess.com"]

[Event "Titled Tuesday Blitz December 20 Late 2022"]
[White "Gerbelli Neto, Eduardo"]
[Black "Hansen, Torbjorn Ringdal"]
[WhiteFideId "2103281"]
[BlackFideId "1501720"]
[WhiteElo "2178"]
[BlackElo "2383"]
[Result "1-0"]
[Round "04"]
[TimeControl "180+1"]
[Date "2022.12.21"]
[WhiteClock "0:00:08"]
[BlackClock "0:00:05"]

1. e4 e5 2. Nf3 Nc6 3. d4 exd4 4. Nxd4 Nf6 5. Nc3 Bb4 6. Nxc6 bxc6 7. Bd3 d5 8. e5 Ng4 9. Bf4 O-O 10. O-O Re8 11. Qf3 Nxe5 12. Bxh7+ Kxh7 13. Qh5+ Kg8 14. Bxe5 Bd6 15. Rfe1 Bxe5 16. Rxe5 Rxe5 17. Qxe5 Be6 18. Na4 Qd6 19. Qc3 Rb8 20. b3 Rb4 21. Nc5 Rh4 22. g3 Rh6 23. Re1 d4 24. Qb4 Qd5 25. Qb8+ Kh7 26. Nxe6 fxe6 27. Qxc7 Qc5 28. Re2 a5 29. Qe5 Qc3 30. h4 Rf6 31. h5 Qa1+ 32. Kg2 Qd1 33. Qe4+ Kh8 34. Qg4 d3 35. cxd3 Qxd3 36. Rxe6 Qd5+ 37. Re4 Kh7 38. Kh3 Qd6 39. f4 Qd5 40. Re1 Qd2 41. Qe2 Qd5 42. Qe4+ Qxe4 43. Rxe4 Rd6 44. Rc4 Rd2 45. a4 Rb2 46. Rc5 Rxb3 47. Rxa5 Ra3 48. Ra6 c5 49. Rc6 Rxa4 50. Rxc5 Ra6 51. Kg4 Ra3 52. Kh4 Ra2 53. Rc6 Ra3 54. g4 Ra4 55. Kg5 Ra5+ 56. f5 Ra8 57. Rc7 Kh8 58. h6 gxh6+ 59. Kxh6 Rg8 60. g5 Rf8 61. g6 Rg8 62. g7+ Rxg7 63. Rc8+ Rg8 64. Rxg8+ Kxg8 65. Kg6 Kf8 66. Kf6 Kg8 67. Ke7 1-0


[Site "https://www.chess.com"]

[Event "Titled Tuesday Blitz December 20 Late 2022"]
[White "Gilmanov, Mansur"]
[Black "Ozates, Tuna"]
[WhiteFideId "4166868"]
[BlackFideId "6354521"]
[WhiteElo "2377"]
[BlackElo "2151"]
[Result "0-1"]
[Round "04"]
[TimeControl "180+1"]
[Date "2022.12.21"]
[WhiteClock "0:00:02"]
[BlackClock "0:00:51"]

1. d4 d5 2. Bg5 f6 3. Bh4 Nh6 4. e3 Nf5 5. Bg3 h5 6. Be2 h4 7. Bh5+ Kd7 8. c4 hxg3 9. fxg3 c6 10. cxd5 cxd5 11. Nc3 e6 12. Nh3 Nc6 13. Bg4 Nxe3 14. Bxe6+ Kxe6 15. Qe2 Kf7 16. Qxe3 Qe7 17. Qxe7+ Bxe7 18. O-O Bxh3 19. gxh3 Rad8 20. Rad1 Rxh3 21. Kg2 Rh5 22. g4 Rh4 23. h3 Bb4 24. Ne2 Rhh8 25. Ng1 Rhe8 26. Nf3 Re2+ 27. Kg1 Rde8 28. Rd3 Bd6 29. a3 Rxb2 30. a4 Ree2 31. Nh4 Nxd4 32. Rc1 Rec2 33. Rxc2 Rxc2 34. Rxd4 Bc5 35. Nf3 Rc4 0-1


[Site "https://www.chess.com"]

[Event "Titled Tuesday Blitz December 20 Late 2022"]
[White "Goncalves, Davi Sulzbacher"]
[Black "Shoker, Samy"]
[WhiteFideId "2154510"]
[BlackFideId "627143"]
[WhiteElo "2182"]
[BlackElo "2493"]
[Result "0-1"]
[Round "04"]
[TimeControl "180+1"]
[Date "2022.12.21"]
[WhiteClock "0:00:09"]
[BlackClock "0:00:28"]

1. Nf3 g6 2. g3 Bg7 3. Bg2 d6 4. O-O Nf6 5. d4 O-O 6. c4 Nc6 7. Nc3 a6 8. b3 Bg4 9. Bb2 Nd7 10. e3 e5 11. d5 Ne7 12. h3 Bxf3 13. Qxf3 f5 14. e4 f4 15. Ne2 fxg3 16. Qxg3 Nf6 17. f4 Nh5 18. Qg4 exf4 19. Bxg7 Kxg7 20. Nd4 Rf6 21. Ne6+ Rxe6 22. Qxe6 Ng8 23. e5 dxe5 24. Qxe5+ Ngf6 25. Rae1 Kh6 26. Bf3 Qd7 27. Bg4 Nxg4 28. Qe7 Qf5 29. Qe6 Ne3 30. Rxe3 Qg5+ 31. Qg4 fxe3 32. Rf7 Qxg4+ 33. hxg4 Ng3 34. Re7 Kg5 35. Kg2 Kxg4 36. Rxe3 Nf5 37. Re4+ Kg5 38. c5 Rd8 39. d6 cxd6 40. Rb4 Rd7 41. Rxb7 Rxb7 0-1


[Site "https://www.chess.com"]

[Event "Titled Tuesday Blitz December 20 Late 2022"]
[White "Gorodetzky, David"]
[Black "Melian, Juan Sebastian"]
[WhiteFideId "2813416"]
[BlackFideId "3706575"]
[WhiteElo "2484"]
[BlackElo "2044"]
[Result "1-0"]
[Round "04"]
[TimeControl "180+1"]
[Date "2022.12.21"]
[WhiteClock "0:00:06"]
[BlackClock "0:00:04"]

1. c4 Nf6 2. Nc3 e5 3. Nf3 Nc6 4. g3 g6 5. Bg2 Bg7 6. O-O O-O 7. d4 exd4 8. Nxd4 Re8 9. Nxc6 bxc6 10. e4 Rb8 11. Qc2 d6 12. h3 Nd7 13. Be3 Nc5 14. Rad1 Qe7 15. Rfe1 Be6 16. b3 a5 17. e5 dxe5 18. Bxc6 Red8 19. Nd5 Bxd5 20. cxd5 Na6 21. Qc4 Nb4 22. Bc5 Qf6 23. Ba4 Nxa2 24. Rd2 Nb4 25. Bxb4 axb4 26. Qxc7 Bf8 27. Bc6 Bd6 28. Qa7 h5 29. h4 g5 30. Re4 Kg7 31. Qe3 g4 32. Ra2 Qe7 33. Ra7 Qf6 34. Bd7 Kg6 35. Rc4 Bf8 36. Rc6 Bd6 37. Qe4+ Kg7 38. Be6 Be7 39. Bxf7 Qxf7 40. Qxe5+ Kg8 41. Rxe7 1-0


[Site "https://www.chess.com"]

[Event "Titled Tuesday Blitz December 20 Late 2022"]
[White "Goroshkov, Maksym"]
[Black "Roman, Rodrigo"]
[WhiteFideId "14142716"]
[BlackFideId "3701220"]
[WhiteElo "2258"]
[BlackElo "1995"]
[Result "1-0"]
[Round "04"]
[TimeControl "180+1"]
[Date "2022.12.21"]
[WhiteClock "0:00:38"]
[BlackClock "0:00:02"]

1. e4 c5 2. d4 cxd4 3. c3 dxc3 4. Nxc3 Nc6 5. Nf3 e6 6. Bc4 Bb4 7. O-O Nge7 8. Qe2 O-O 9. Rd1 b6 10. Bf4 Bb7 11. Nb5 d5 12. exd5 Nxd5 13. Bxd5 exd5 14. Nc7 Qf6 15. Nxd5 Qe6 16. Qxe6 fxe6 17. Nxb4 Nxb4 18. Bd6 Bxf3 19. gxf3 Nd5 20. Bxf8 Rxf8 21. Rd3 Rc8 22. Re1 Kf7 23. Rd2 Rc4 24. Re4 Rc1+ 25. Kg2 Ra1 26. a3 Rc1 27. Ra4 a5 28. Rad4 h6 29. f4 Kf6 30. Re2 g5 31. fxg5+ hxg5 32. Red2 Nf4+ 33. Kf3 Rh1 34. Rd6 Kf5 35. Rxb6 Rxh2 36. Ke3 Nd5+ 37. Rxd5+ exd5 38. Rb5 Ke5 39. Rxa5 Rh3+ 40. Kd2 Rb3 41. Kc2 Rf3 42. b4 Rxf2+ 43. Kd3 g4 44. Ra8 g3 45. Ke3 Ra2 46. Re8+ Kd6 47. Rd8+ Ke6 48. Re8+ Kd7 49. Re5 Kd6 50. Rg5 g2 51. Kd4 Rd2+ 52. Kc3 Rf2 53. a4 Ke6 54. b5 Kf6 55. Rg8 Kf7 56. Rg4 Ra2 57. Kb3 Re2 58. b6 Re7 59. Rxg2 Kf6 60. a5 d4 61. Rf2+ Kg5 62. Kc4 Kg4 63. Kxd4 1-0


[Site "https://www.chess.com"]

[Event "Titled Tuesday Blitz December 20 Late 2022"]
[White "Haszon, David"]
[Black "Carbone, Diego"]
[WhiteFideId "733610"]
[BlackFideId "3002179"]
[WhiteElo "2210"]
[BlackElo "2266"]
[Result "1-0"]
[Round "04"]
[TimeControl "180+1"]
[Date "2022.12.21"]
[WhiteClock "0:00:15"]
[BlackClock "0:00:04"]

1. d4 Nf6 2. Bf4 d5 3. e3 e6 4. Nf3 Bd6 5. Bg3 b6 6. Bd3 O-O 7. Nbd2 Ba6 8. Ne5 Bxd3 9. cxd3 c5 10. dxc5 bxc5 11. O-O Qc7 12. d4 Nbd7 13. Ndf3 Ne4 14. Nxd7 Qxd7 15. Bxd6 Qxd6 16. dxc5 Qxc5 17. Qd4 Rfc8 18. b4 Qc2 19. b5 Rc4 20. Qe5 Rac8 21. a4 Rxa4 22. Rxa4 Qxa4 23. Nd4 Qa2 24. Nxe6 f6 25. Qf5 Rc2 26. Nd4 Rd2 27. Qc8+ Kf7 28. Qd7+ Kg6 29. Qg4+ Kf7 30. Qh5+ Kf8 31. Qf5 g6 32. Qf4 Kg7 33. h4 h5 34. Qc7+ Kh6 35. Ne6 Rxf2 36. Qg7# 1-0


[Site "https://www.chess.com"]

[Event "Titled Tuesday Blitz December 20 Late 2022"]
[White "Haydon, David L"]
[Black "Mikhalsky, Vladimir"]
[WhiteFideId "415405"]
[BlackFideId "14144352"]
[WhiteElo "2318"]
[BlackElo "2272"]
[Result "0-1"]
[Round "04"]
[TimeControl "180+1"]
[Date "2022.12.21"]
[WhiteClock "0:01:15"]
[BlackClock "0:00:32"]

1. d4 Nf6 2. Nf3 g6 3. c4 Bg7 4. Nc3 O-O 5. g3 c5 6. Bg2 cxd4 7. Nxd4 Nc6 8. Nc2 d6 9. O-O Bf5 10. Ne3 Be6 11. Ncd5 Ne5 12. Nxf6+ Bxf6 13. Bxb7 Nxc4 14. Nxc4 Bxc4 15. Bxa8 Qxa8 16. Bh6 Rb8 17. b3 Be6 18. Re1 Bxa1 19. Qxa1 f6 20. Qd4 a5 21. Rc1 Rc8 22. Rxc8+ Qxc8 23. Qb6 Kf7 24. Qxa5 g5 25. h4 Qc1+ 26. Kg2 Qd1 27. e4 Bh3+ 28. Kxh3 Qh1+ 29. Kg4 Qxe4+ 30. Kh3 Qh1+ 31. Kg4 Qe4+ 32. f4 Qe2+ 33. Kh3 g4# 0-1


[Site "https://www.chess.com"]

[Event "Titled Tuesday Blitz December 20 Late 2022"]
[White "Herman, Daniel"]
[Black "Andreassen, Lars"]
[WhiteFideId "30935008"]
[BlackFideId "1504878"]
[WhiteElo "1897"]
[BlackElo "2119"]
[Result "0-1"]
[Round "04"]
[TimeControl "180+1"]
[Date "2022.12.21"]
[WhiteClock "0:01:32"]
[BlackClock "0:02:10"]

1. d4 d5 2. c4 e6 3. Nc3 c5 4. cxd5 cxd4 5. Qxd4 Nc6 6. Qd1 exd5 7. Qxd5 Bd7 8. Bg5 Nf6 9. Bxf6 Qxf6 10. O-O-O O-O-O 11. Nf3 Bb4 12. Qc4 Be6 13. Qe4 Bxc3 14. bxc3 Qxc3+ 15. Qc2 Qa1+ 0-1


[Site "https://www.chess.com"]

[Event "Titled Tuesday Blitz December 20 Late 2022"]
[White "Hoffmann, Asa"]
[Black "Marcolino, Daniel Mattos"]
[WhiteFideId "2001470"]
[BlackFideId "2106841"]
[WhiteElo "2117"]
[BlackElo "2133"]
[Result "1-0"]
[Round "04"]
[TimeControl "180+1"]
[Date "2022.12.21"]
[WhiteClock "0:01:26"]
[BlackClock "0:00:02"]

1. d4 d5 2. Bg5 Nd7 3. c4 h6 4. Bh4 dxc4 5. Nc3 Ngf6 6. e4 Nb6 7. Bxc4 Nxc4 8. Qa4+ Qd7 9. Qxc4 a6 10. Nf3 b5 11. Qb3 Bb7 12. Ne5 Qe6 13. Qxe6 fxe6 14. f3 g5 15. Bf2 Nd7 16. Ng6 Rg8 17. Nxf8 Kxf8 18. h4 g4 19. Be3 h5 20. O-O-O gxf3 21. gxf3 Kf7 22. Rhg1 Nb6 23. b3 Bc6 24. Bf4 a5 25. Bxc7 Rxg1 26. Rxg1 Nd7 27. d5 exd5 28. exd5 Bb7 29. Kb2 Nf6 30. Nxb5 Nxd5 31. Be5 Ne3 32. Nd4 1-0


[Site "https://www.chess.com"]

[Event "Titled Tuesday Blitz December 20 Late 2022"]
[White "Horvath, Dominik"]
[Black "Keymer, Vincent"]
[WhiteFideId "1642561"]
[BlackFideId "12940690"]
[WhiteElo "2405"]
[BlackElo "2600"]
[Result "1-0"]
[Round "04"]
[TimeControl "180+1"]
[Date "2022.12.20"]
[WhiteClock "0:00:20"]
[BlackClock "0:00:02"]

1. d4 Nf6 2. c4 e6 3. Nc3 Bb4 4. Qc2 c5 5. dxc5 O-O 6. a3 Bxc5 7. Nf3 d5 8. cxd5 exd5 9. Bg5 Be6 10. e3 Nc6 11. Rd1 Be7 12. Be2 Rc8 13. O-O h6 14. Bh4 Qa5 15. Qb1 Rfe8 16. Nb5 Bg4 17. Bxf6 Bxf6 18. Nd6 Qc5 19. Nxe8 Rxe8 20. h3 Bh5 21. b4 Qd6 22. Qf5 Bxf3 23. Bxf3 Re5 24. Qc8+ Kh7 25. Qxb7 Ne7 26. Qxa7 Nf5 27. Be2 Nh4 28. Qd4 Nxg2 29. Qd3+ g6 30. Kxg2 Rg5+ 31. Kh1 Qe6 32. Bg4 Rxg4 33. hxg4 Qxg4 34. Qxd5 Kg7 35. Qg2 Qh4+ 36. Kg1 Be5 37. f4 Bc7 38. b5 Bb6 39. Rf3 Qe7 40. a4 Bxe3+ 41. Rxe3 Qxe3+ 42. Qf2 Qe6 43. Qd4+ Kh7 44. b6 Qh3 45. Kf2 Qh2+ 46. Ke3 Qg3+ 47. Kd2 Qg2+ 48. Kc3 Qc6+ 49. Kb4 Qe6 50. a5 Qc6 51. a6 Qe6 52. a7 Qe7+ 53. Qd6 Qe4+ 54. Rd4 Qe1+ 55. Kb5 Qe2+ 56. Kc6 Qc2+ 57. Kb7 Qg2+ 58. Kb8 1-0


[Site "https://www.chess.com"]

[Event "Titled Tuesday Blitz December 20 Late 2022"]
[White "Ibarra Jerez, Jose Carlos"]
[Black "Yedidia, Daniel"]
[WhiteFideId "2226332"]
[BlackFideId "30905907"]
[WhiteElo "2638"]
[BlackElo "2571"]
[Result "1-0"]
[Round "04"]
[TimeControl "180+1"]
[Date "2022.12.20"]
[WhiteClock "0:00:27"]
[BlackClock "0:00:02"]

1. e4 g6 2. d4 Bg7 3. Nf3 c6 4. Nc3 d5 5. Bf4 dxe4 6. Nxe4 Nf6 7. Nxf6+ Bxf6 8. Bc4 O-O 9. h3 b5 10. Bb3 Bb7 11. O-O c5 12. dxc5 Bxb2 13. Rb1 Bg7 14. Ng5 Nc6 15. Bd5 a6 16. c4 e6 17. Bf3 b4 18. Qa4 Rc8 19. Rfd1 Qf6 20. Be3 Qe7 21. Rd6 Ne5 22. Bxb7 Qxb7 23. Rxb4 Qc7 24. Rbb6 h6 25. Ne4 Rfd8 26. f4 Rxd6 27. Nxd6 Nd7 28. Nxc8 Nxb6 29. Nxb6 Bf8 30. Qd7 1-0


[Site "https://www.chess.com"]